 Dungeon Crawl Stone Soup version 0.30.0 (webtiles) character file.

Game seed: 6697826318667541139

352 cheesebisquit the Ruffian (level 6, -1/48 HPs)
             Began as a Ghoul Gladiator on May 6, 2023.
             Slain by an iguana (11 damage)
             ... on level 4 of the Dungeon.
             The game lasted 00:08:04 (2702 turns).

cheesebisquit the Ruffian (Ghoul Gladiator)         Turns: 2702, Time: 00:08:05

Health: -1/48      AC:  7    Str: 22    XL:     6   Next: 61%
Magic:  5/5        EV: 12    Int:  3    God:
Gold:   151        SH:  0    Dex: 10    Spells: 5/5 levels left

rFire   . .          .
                       - Unarmed
rCold   + . .        (no shield)
rNeg    + + +        q - +2 leather armour of Kiodesar {Str+2}
rPois   ∞            n - +2 hat
rElec   .            (no cloak)
rCorr   .            (no gloves)
SInv    +            (no boots)
Will    .....        (no amulet)
Stlth   +            t - ring of see invisible
HPRegen 0.00/turn    (no ring)
MPRegen 0.09/turn

%: no passive effects
@: inhibited regen
A: claws 1, cold resistance 1, negative energy resistance 3, inhibited
regeneration, torment resistance 2, devour on kill
a: no special abilities


You were on level 4 of the Dungeon.
You visited 1 branch of the dungeon, and saw 4 of its levels.

You collected 206 gold pieces.
You spent 55 gold pieces at shops.

Inventory:

Missiles
 c - 2 throwing nets (quivered)
 d - a javelin
 o - 3 boomerangs
 s - 5 poisoned darts
Armour
 m - a +0 ring mail
 n - a +2 hat (worn)
 p - a +1 scale mail of fire resistance
 q - the +2 leather armour of Kiodesar (worn) {Str+2}
   (You found it on level 3 of the Dungeon)

   Str:       It affects your strength (+2).
Jewellery
 e - a ring of wizardry
 t - a ring of see invisible (left claw)
Scrolls
 a - a scroll of fog {unknown}
 j - 2 scrolls of teleportation
 k - a scroll of blinking {unknown}
 l - 4 scrolls of immolation
Potions
 b - 2 potions of brilliance
 f - 3 potions of mutation
 g - 3 potions of heal wounds
 i - 6 potions of curing
 r - a potion of flight


   Skills:
 - Level 2.1 Fighting
 - Level 1.7 Throwing
 - Level 2.6 Dodging
 + Level 7.9 Unarmed Combat


You had 5 spell levels left.
You didn't know any spells.
Your spell library contained the following spells:

 Spells                   Type           Power      Damage    Failure   Level
 Summon Small Mammal      Summ           0%         N/A       56%         1
 Call Canine Familiar     Summ           0%         N/A       91%         3
 Summon Guardian Golem    Hex/Summ       0%         N/A       91%         3


Dungeon Overview and Level Annotations

Branches:
Dungeon (4/15)
 Temple: D:4-7

Altars:
Qazlal

Shops:
D:2 *!


Innate Abilities, Weirdness & Mutations

You are immune to poison.
You have sharp fingernails.
Your flesh is cold resistant. (rC+)
You are immune to negative energy. (rN+++)
You do not regenerate when monsters are visible.
You are immune to unholy pain and torment.
You thrive by killing the living.


Message History

An iguana comes into view.
The iguana hisses angrily.
The kobold hits you but does no damage.
You claw the kobold!
You kill the kobold!
The goblin hits you but does no damage.
Things that are here:
a +0 short sword; 5 stones; a kobold corpse You scratch the iguana but do no damage.
The goblin misses you. The iguana bites you!
You closely miss the iguana. The goblin misses you. The iguana bites you!
You closely miss the iguana. The goblin barely misses you.
The iguana completely misses you.
You scratch the iguana.
The iguana is lightly wounded.
The goblin barely misses you. The iguana bites you!
You are too injured to fight recklessly!
You are too injured to fight recklessly!
You are too injured to fight recklessly!
You are too injured to fight recklessly!
You miss the goblin. The goblin barely misses you. The iguana bites you.
You closely miss the goblin. You barely miss the goblin.
The goblin hits you but does no damage.
The iguana bites you but does no damage.
You scratch the goblin.
The goblin is heavily wounded.
The goblin hits you with a +0 club. The iguana misses you.
You scratch the goblin but do no damage.
The goblin is heavily wounded.
The goblin closely misses you. The iguana bites you!
* * * LOW HITPOINT WARNING * * *
Throw: 3 throwing nets
Press: ? - help, Q - select action, (/) - cycle Shift-Dir - straight line, f - iguana
Aim: an iguana (lightly wounded, 60% to hit)
You throw a throwing net.
The throwing net closely misses the iguana.
The goblin barely misses you.
The iguana hisses menacingly.
The iguana bites you!
You die...

.# #### .# ##..#### .(#
#....... ...# #.#####.
###########...## ### ##.
#.'............. #..
#.'......l..#... #..
#.'.....@g...... #..
#.#########...#########..
#.#.## .##.........
#....#### #.........
#####......### #.........
##............#
#.....<...
##.........>...#
######.....
#..............#
#.####.....
#..............#
#..........


You could see an iguana and a goblin.

Vanquished Creatures
  A scorpion (D:4)
  A jelly (D:4)
  A hound (D:4)
  An orc priest (D:3)
  Jessica (D:2)
  An orc wizard (D:3)
  4 adders
  3 worms
  A dart slug (D:1)
  13 orcs
  13 ball pythons
  9 bats
  8 endoplasms
  4 giant cockroaches
  7 hobgoblins
  6 kobolds
  4 quokkas
  5 frilled lizards
  6 goblins
  3 rats
92 creatures vanquished.

Notes
Turn   | Place    | Note
-------+----------+-------------------------------------------
     0 | D:1      | cheesebisquit the Ghoul Gladiator began the quest for the
                  | Orb.
     0 | D:1      | Reached XP level 1. HP: 17/17 MP: 0/0
   153 | D:1      | Reached XP level 2. HP: 16/24 MP: 1/1
   155 | D:1      | Reached skill level 4 in Unarmed Combat
   406 | D:1      | Reached XP level 3. HP: 29/29 MP: 2/2
   762 | D:2      | Reached skill level 5 in Unarmed Combat
   833 | D:2      | Reached XP level 4. HP: 31/36 MP: 3/3
   932 | D:2      | Found Xonimmoum's Distillery.
   932 | D:2      | Noticed Jessica
   937 | D:2      | Killed Jessica
   938 | D:2      | Bought a potion of heal wounds for 55 gold pieces
  1010 | D:2      | Found Vuegraz's General Store.
  1292 | D:2      | Reached skill level 6 in Unarmed Combat
  1343 | D:3      | Found a faded altar of an unknown god.
  1400 | D:3      | Identified the +2 leather armour of Kiodesar {Str+2}
  1403 | D:3      | Reached XP level 5. HP: 41/41 MP: 4/4
  2349 | D:4      | Reached skill level 7 in Unarmed Combat
  2371 | D:4      | Reached XP level 6. HP: 23/48 MP: 5/5
  2485 | D:4      | Found a stormy altar of Qazlal.
  2702 | D:4      | Slain by an iguana

Illustrated notes

Levels and vault maps discovered:
D:1:      dpeg_arrival_rooms_a, layout_rooms, nrook_uturn
D:2:      layout_basic, serial_shops, nicolae_shop_advertising_works
          [nicolae_subvault_shop_adworks], nicolae_shop_rolling_square,
          minmay_tetromino_s4, uniq_jessica
D:3:      layout_loops_ring, nicolae_ecumenical_pavilion
D:4:      layout_rooms, nicolae_qazlal_scattered_showers,
          kennysheep_cross_bottleneck

Skill      XL: |  1  2  3  4  5 |
---------------+----------------+-----
Unarmed Combat | 4 5 6 7 |  7.9
Fighting       | |  2.1
Throwing       | |  1.7
Dodging        | |  2.6

Action                     |  1- 3 |  4- 6 || total
---------------------------+-------+-------++-------
  Melee: Unarmed           |   113 |   168 ||   281
         Punch             |     1 |     8 ||     9
  Throw: Throwing net      |       |     1 ||     1
    Use: Scroll            |       |     6 ||     6
 Armour: Leather armour    |    33 |    34 ||    67
         Ring mail         |     5 |    22 ||    27
  Dodge: Dodged            |    71 |    97 ||   168
